 Dungeon Crawl Stone Soup version 0.18-a0-1164-g7046a04 (webtiles) character file.

1089 poirepourri the Covered (level 8, 0/70 HPs)
             Began as a Minotaur Fighter on Jan 25, 2016.
             Slain by an orc
             ... wielding a +0 club
              (1 damage)
             ... on level 5 of the Dungeon.
             The game lasted 00:05:20 (3811 turns).

poirepourri the Covered (Minotaur Fighter)          Turns: 3811, Time: 00:05:20

Health: 0/70       AC:  7    Str: 24    XL:     8   Next: 9%
Magic:  7/7        EV: 10    Int:  5    God:
Gold:   125        SH: 10    Dex:  9    Spells: 0 memorised, 7 levels left

rFire  + . .     SeeInvis .     a - +1 war axe
rCold  x . .     Gourm    .     b - +0 scale mail
rNeg   . . .     Faith    .     c - +0 shield
rPois  .         Spirit   .     (helmet restricted)
rElec  .         Dismiss  .     (no cloak)
rCorr  .         Reflect  .     (no gloves)
SustAt .         Harm     .     (no boots)
MR     .....                    (no amulet)
Stlth  ..........               (no ring)
                                f - ring of fire

@: lethally poisoned (0 -> -1), about to teleport, not resistant to hostile
enchantments, extremely unstealthy
A: retaliatory headbutt, horns 2
a: no special abilities


You were on level 5 of the Dungeon.
You were not hungry.

You visited 1 branch of the dungeon, and saw 5 of its levels.

You collected 125 gold pieces.

Inventory:

Hand Weapons
 a - a +1 war axe (weapon)
Armour
 b - a +0 scale mail (worn)
 c - a +0 shield (worn)
Jewellery
 f - a ring of fire (left hand)
 q - an uncursed amulet of dismissal {unknown}
Wands
 j - a wand of fireball (6/15)
 p - a wand of disintegration (13/24)
 s - a wand of frost (20/48)
Scrolls
 k - a scroll of magic mapping
 m - 5 scrolls of remove curse
 t - a scroll of enchant armour {unknown}
Potions
 e - a potion of curing
 i - a potion of cure mutation
Books
 n - the Tome of Flying Transformation
   (You found it on level 4 of the Dungeon)

   Spells                             Type                      Level
   a - Beastly Appendage              Transmutation                1
   b - Repel Missiles                 Charms/Air                   2
   c - Sticks to Snakes               Transmutation                2
   d - Airstrike                      Air                          4
   e - Silence                        Hexes/Air                    5
   f - Hydra Form                     Transmutation                6
Comestibles
 d - a beef jerky
 h - a bread ration
 o - 13 fruits


   Skills:
 + Level 5.9 Fighting
 + Level 5.5 Axes
 + Level 6.2 Armour
 + Level 4.7 Dodging
 + Level 0.3 Stealth
 + Level 6.2 Shields


You had 7 spell levels left.
You didn't know any spells.

Dungeon Overview and Level Annotations

Branches:
Dungeon (5/15)
 Temple: D:4-7

Altars:
Dithmenos
Elyvilon
Fedhas
Gozag
Sif Muna
Trog

Annotations:
D:5 Dowan, Duvessa


Innate Abilities, Weirdness & Mutations

You reflexively headbutt those who attack you in melee.
You have a pair of horns on your head.


Message History

* * * LOW HITPOINT WARNING * * *
The orc priest closely misses you.
The orc wizard hits you but does no damage.
The orc hits you but does no damage. You block Duvessa's attack.
Your scale mail prevents you from hitting the orc.
Your headbutt misses the orc.
The orc is lightly wounded.
You hit the orc priest.
The orc priest is lightly wounded.
You hit Duvessa but do no damage.
Duvessa is heavily wounded.
You slash the orc wizard!
The orc wizard is severely wounded.
You hit the orc but do no damage.
* * * LOW HITPOINT WARNING * * *
You feel sick. You block the orc priest's attack.
The orc wizard closely misses you. Duvessa closely misses you.
You furiously retaliate!
You headbutt Duvessa. The orc closely misses you. The orc hits you with a club.
You die...

#.......#.#'#########.##...###
####.#####.#......# #.##...#
......<..#.#......# #.##...#
.....###.#.#......# #.##...#
...§§#<#.#.#.#.#### #.##...#
..§.e#§#.#...#.# #.######
...ec§........o##### #+#
.....#.....(.#So...#
.....#########oe@..# ####...
.....c.ooo.# ############....#
....... ........# .........#
#.........# #.........#


You could see Duvessa, a centaur, an orc priest, an orc wizard, an adder and 4
orcs.

Vanquished Creatures
  The ghost of poirepourri the Covered, a novice HOFi (D:4)
  Grinder (D:4)
  A phantom (D:4)
  A scorpion (D:4)
  2 crimson imps (D:5)
  A hound (D:4)
  An orc priest (D:4)
  Jessica (D:3)
  4 orc wizards
  A hound skeleton (D:3)
  7 adders
  An ooze (D:3)
  An adder skeleton (D:5)
  A worm (D:2)
  5 giant geckos
  14 orcs
  4 giant cockroaches
  8 goblins
  11 hobgoblins
  A jackal (D:4)
  10 kobolds
  3 quokkas (D:2)
  A ball python (D:3)
  8 bats
  3 giant newts
  A jackal skeleton (D:4)
  A quokka skeleton (D:5)
  7 rats
101 creatures vanquished.

Notes
Turn   | Place    | Note
--------------------------------------------------------------
     0 | D:1      | poirepourri the Minotaur Fighter began the quest for the Orb.
     0 | D:1      | Reached XP level 1. HP: 19/19 MP: 0/0
     0 | D:1      | Noticed an ice dragon
     5 | D:1      | Noticed an orb of fire
     7 | D:1      | Noticed a shadow dragon
     8 | D:1      | Noticed a green draconian
     9 | D:1      | Noticed a green draconian
    10 | D:1      | Noticed a green draconian
    12 | D:1      | Noticed a tentacled monstrosity
    14 | D:1      | Noticed a large abomination
    16 | D:1      | Noticed a large abomination
    18 | D:1      | Noticed an orb of fire
    18 | D:1      | Noticed an orb of fire
    18 | D:1      | Noticed an orb of fire
    20 | D:1      | Noticed a shadow dragon
    20 | D:1      | Noticed an iron dragon
   128 | D:1      | Reached XP level 2. HP: 27/27 MP: 1/1
   183 | D:1      | Reached skill level 4 in Fighting
   479 | D:1      | Reached XP level 3. HP: 33/33 MP: 2/2
   605 | D:2      | Found an opulent altar of Gozag.
   606 | D:2      | Found a bloodstained altar of Trog.
   661 | D:2      | Found a deep blue altar of Sif Muna.
   698 | D:2      | Reached skill level 1 in Dodging
  1329 | D:2      | Reached XP level 4. HP: 40/40 MP: 3/3
  1704 | D:3      | Found a white marble altar of Elyvilon.
  1795 | D:3      | Found a shadowy altar of Dithmenos.
  1876 | D:3      | Noticed Jessica
  1899 | D:3      | Reached XP level 5. HP: 43/46 MP: 4/4
  1903 | D:3      | Killed Jessica
  2351 | D:3      | Reached skill level 5 in Shields
  2535 | D:4      | Noticed a phantom
  2559 | D:4      | Killed a phantom
  2559 | D:4      | Reached XP level 6. HP: 25/53 MP: 5/5
  2706 | D:4      | Noticed poirepourri's ghost (novice HOFi)
  2715 | D:4      | HP: 1/53 [poirepourri's ghost (11)]
  2722 | D:4      | Killed poirepourri's ghost
  2722 | D:4      | Reached skill level 5 in Fighting
  2722 | D:4      | Reached skill level 5 in Armour
  2722 | D:4      | Reached XP level 7. HP: 7/61 MP: 6/6
  3181 | D:4      | Identified the Tome of Flying Transformation
  3391 | D:4      | Reached skill level 5 in Axes
  3601 | D:4      | Found a blossoming altar of Fedhas.
  3604 | D:4      | Noticed Grinder
  3617 | D:4      | Killed Grinder
  3617 | D:4      | Reached skill level 6 in Armour
  3652 | D:5      | Entered Level 5 of the Dungeon
  3718 | D:5      | Reached XP level 8. HP: 68/70 MP: 7/7
  3781 | D:5      | Noticed Duvessa
  3781 | D:5      | Noticed Dowan
  3810 | D:5      | HP: 2/70 [Duvessa/short sword of speed (5)]
  3811 | D:5      | Slain by an orc

Vault maps used:
D:1:      shiori_arrival_whats_in_store_for_you, serial_glass, glass_columns_b,
          glass_columns_b, corexii_hall_statues_t, hangedman_decor_points,
          minmay_misc_feat_chi, grunt_decor_cap, moated_statue
D:2:      overflow_temple_1_default, gammafunk_temple_overflow_pools
D:3:      overflow_temple_1_default, grunt_dithmenos_smoke_and_mirrors,
          uniq_jessica
D:4:      fedhas_altar_fruit_tree, first_bread, dk_noncrumbling_3, uniq_grinder
D:5:      uniq_duvessa

Action                   |  1- 3 |  4- 6 |  7- 9 || total
-------------------------+-------+-------+-------++-------
Melee: War axe           |    93 |   110 |    69 ||   272
  Use: Scroll            |     7 |     8 |     4 ||    19
       Potion            |     2 |     3 |     2 ||     7
  Eat: Pizza             |     1 |       |       ||     1
       Bread ration      |       |     1 |     1 ||     2
       Beef jerky        |       |       |     2 ||     2
